[Event "Austrian Championship 2022"]
[Site "Vienna"]
[Date "2022.08.13"]
[Round "2.10"]
[White "Bauer, Thomas"]
[Black "Sadilek, Peter"]
[Result "0-1"]
[ECO "A43"]
[WhiteElo "2228"]
[BlackElo "2330"]
[Annotator "TA"]
[PlyCount "118"]
[EventDate "2022.08.12"]
[EventType "swiss"]
[EventCountry "AUT"]
[SourceTitle "playchess.com"]
[Source "ChessBase"]
[SourceQuality "1"]
[TimeControl "40/5400+30:1800+30"]

1. e4 c5 2. Nc3 g6 3. d4 Bg7 4. d5 d6 5. Be2 Nf6 6. Be3 {[%emt 0:04:38] A43: Schmid Benoni.} a6 7. a4 Qa5 8. Bd2 {[%emt 0:03:46] White is slightly better.} Qc7 9. h3 O-O 10. Nf3 Nbd7 {[%emt 0:07:27] [#]} 11. O-O $146 ({Predecessor:} 11. Bf4 Qa5 12. O-O Nh5 13. Bg5 Re8 14. Nd2 Nhf6 15. Ra3 Qc7 16. f4 Nf8 17. Nc4 {1-0 (36) Galonska,J (2105)-Schwarz,W (1800) Seefeld 1993}) 11... Rb8 12. a5 b5 13. axb6 $1 Rxb6 14. b3 Rb4 15. Bd3 (15. Bxa6 $6 Nxe4 16. Nxe4 Rxe4 $11) 15... Nh5 16. Ra2 Nf4 17. Bxf4 Bxc3 18. Bd2 Bxd2 19. Nxd2 Ne5 20. Be2 a5 21. Qa1 f5 (21... e6 $16) 22. f4 $18 (22. Rxa5 $6 fxe4 23. Ra7 Rb7 $16) 22... Nf7 23. exf5 Bxf5 24. c3 Rbb8 25. Rxa5 Qb7 26. Bc4 Ra8 27. Re1 (27. Rxa8 $18 Rxa8 28. Qe1) 27... Rxa5 $14 28. Qxa5 Ra8 $1 29. Qb5 (29. Rxe7 $5 Qxe7 30. Qxa8+ Kg7 31. Nf1 $14) 29... Qa7 30. Qa4 Qb8 31. Qb5 {[%emt 0:10:21] [#] And now Qxb8+ would win.} Qa7 32. Qa4 (32. Bf1 {seems wilder.} c4+ 33. Kh2 Qf2 34. Nf3) 32... Qb8 $1 33. Qc6 {[%emt 0:00:32] Black must now prevent g4.} Qd8 (33... Ra7 $11 34. Qb5 Rb7) 34. Bf1 $16 Bd7 35. Qb7 Kf8 36. Bb5 Bf5 37. Bc6 Ra2 38. Nc4 Bd3 39. Qb6 $2 (39. Nb6 $16) 39... Qc8 {[%emt 0:00:23][%mdl 1024] Black has compensation.} 40. Qb7 ({White should play} 40. Re6 $11) 40... Qd8 $2 (40... Qxb7 $15 {keeps the upper hand.} 41. Bxb7 Rc2) 41. Nb6 Nh6 42. g4 {[%emt 0:11:07] Inhibits Nf5.} g5 $2 (42... Ng8 $16) 43. Nd7+ $18 (43. fxg5 Nf7 $18) 43... Kg8 44. fxg5 Nf7 45. Re3 c4 (45... Ba6 {was necessary.} 46. Qb6 (46. Qb8 Qxb8 47. Nxb8 Be2 $16) 46... Qxb6 47. Nxb6 Ne5) 46. b4 $2 (46. bxc4 $18 Rd2 47. h4) 46... Nxg5 $11 47. b5 {[%emt 0:01:12] Hoping for b6.} Ne4 48. Re1 $2 ({But not} 48. Qb8 $2 Qxb8 49. Nxb8 Nxc3 $19) (48. h4 $11) 48... Nf2 $2 (48... Nxc3 $2 49. b6 e5 50. Qc7 $18) ({Better is} 48... Kg7 $19 {Threatens to win with ...Ng5.} 49. Qb8 Ng5) 49. Re3 {[%emt 0:01:04] b6 is the strong threat.} Ne4 50. h4 ({Not} 50. Qb8 $2 Qxb8 51. Nxb8 Nxc3 $19) 50... Nxc3 $40 {[%emt 0:00:24][%mdl 128] Strongly threatening ...Ne2+. Black is up to no good.} 51. Qb8 $2 (51. b6 $11 Ne4 52. Rxe4 Bxe4 53. Qc7) 51... Qxb8 $19 52. Nxb8 Ne2+ 53. Kf2 {[%emt 0:00:14] [#]} c3 $1 {[%emt 0:00:47] ( -> ...c2)} 54. Rxe7 (54. Rxd3 c2) 54... c2 {[%emt 0:00:21] Black mates.} 55. Re8+ Kf7 56. Rd8 c1=Q 57. Rd7+ Kf6 58. Rxd6+ Ke5 59. Re6+ Kd4 {[%emt 0:00:15] A wild game.  Weighted Error Value: White=0.49/Black=0.31} 0-1

[Event "Austrian Championship 2022"]
[Site "Vienna"]
[Date "2022.08.13"]
[Round "2.11"]
[White "Leitner, Gerald"]
[Black "Borrmann, Laurenz"]
[Result "0-1"]
[ECO "A21"]
[WhiteElo "2145"]
[BlackElo "2274"]
[Annotator "TA"]
[PlyCount "90"]
[EventDate "2022.08.12"]
[EventType "swiss"]
[EventCountry "AUT"]
[SourceTitle "playchess.com"]
[Source "ChessBase"]
[SourceQuality "1"]
[TimeControl "40/5400+30:1800+30"]

1. c4 e5 2. g3 Be7 3. Bg2 d6 4. Nc3 f5 5. d3 Nf6 6. e3 O-O 7. Nge2 c6 8. f4 {[%emt 0:04:36] A21: English Opening: 1...e5 2 Nc3.} Be6 9. b3 Nbd7 10. O-O {[%emt 0:03:18] The position is equal.} Qe8 11. Qd2 Qh5 12. Ba3 Rae8 (12... Ng4 13. h3 $16) 13. Rad1 {[%emt 0:04:39] [#]} Kh8 $146 (13... Ng4 14. h3 Ngf6 15. Bb4) ({Predecessor:} 13... Qh6 14. h3 Nb6 15. Bc1 Bc8 16. Qe1 exf4 17. exf4 Bd8 18. Qf2 Qg6 19. b4 d5 {½-½ (29) Andersson,M (2408)-Manduch,M (2385) ICCF email 2015}) 14. Rfe1 Qh6 15. d4 Bf7 (15... Ng4 16. h3 Ngf6 17. c5 exf4 18. Nxf4 $16) 16. d5 c5 (16... Ng4 $2 17. h3 Ngf6 18. dxc6 bxc6 19. Bxd6 $18) 17. Nb5 a6 ({Reject} 17... Ng4 18. h3 Ngf6 19. Nc7 $14) (17... exf4 18. exf4 Ne4 19. Bxe4 fxe4 20. Nec3 $16) 18. Nc7 Rc8 $36 {[%emt 0:00:46][%mdl 2048] White is under pressure.} 19. Ne6 Rfe8 20. Nc3 e4 ({Don't play} 20... exf4 21. exf4 Ng4 22. h3 $16) 21. Ng5 Bh5 22. Bf1 {[%emt 0:00:52] [#]} Ng8 $1 $17 23. h4 Qg6 {[%emt 0:01:21] Hoping for ...h6.} 24. Be2 Bxe2 25. Qxe2 h6 (25... Ngf6 $15) 26. h5 $11 Qf6 27. Ne6 Qf7 $1 28. g4 {[%emt 0:06:47] And now gxf5 would win.} Nf8 (28... Bh4 $1 $11) 29. gxf5 (29. g5 $5 ) 29... Qxf5 30. Nxf8 (30. Qg2 $5 Nxe6 31. dxe6 $11) 30... Bxf8 31. Kg2 Nf6 32. Rh1 (32. Bb2 $5 ) 32... b5 33. Bb2 ({Much worse is} 33. cxb5 axb5 34. Nxb5 Ra8 $17) 33... bxc4 (33... Rb8 $5 ) 34. bxc4 Rb8 35. Ba1 Rb4 36. Rh2 (36. Rc1 $11 {keeps the balance.}) 36... Qg4+ $17 37. Qxg4 Nxg4 38. Rh3 Rxc4 {[%emt 0:01:38] Black is more active.} 39. Rb1 Rb4 (39... Kh7 {keeps more tension.} 40. Rb7 Re7 41. Rb8 Kg8) 40. Rxb4 {[%emt 0:00:49] This move loses the game for White.} (40. a3 $1 $15 Rc4 41. Rb7) 40... cxb4 $19 41. Ne2 {[%emt 0:30:08] [#]} (41. Na4 {is a better defense.}) 41... Rc8 $1 {[%emt 0:31:42] Strongly threatening ...Rc2.} 42. Rg3 Rc2 $1 {[%emt 0:00:27][%csl LRa2,LRe2] Black is clearly winning.} 43. Kf1 Nh2+ 44. Ke1 Nf3+ 45. Kd1 Rd2+ {[%emt 0:02:09] Weighted Error Value: White=0.35/Black=0.09 (flawless)} 0-1

[Event "Austrian Championship 2022"]
[Site "Vienna"]
[Date "2022.08.13"]
[Round "2.12"]
[White "Ganaus, Hannes"]
[Black "Scheffknecht, Philipp"]
[Result "1/2-1/2"]
[ECO "D04"]
[WhiteElo "2284"]
[BlackElo "2093"]
[Annotator "TA"]
[PlyCount "30"]
[EventDate "2022.08.12"]
[EventType "swiss"]
[EventCountry "AUT"]
[SourceTitle "playchess.com"]
[Source "ChessBase"]
[SourceQuality "1"]
[TimeControl "40/5400+30:1800+30"]

1. d4 Nf6 2. Nf3 g6 3. Nbd2 d5 4. b3 Bg7 5. Bb2 O-O 6. e3 a5 {[%emt 0:08:23] D04: Colle System.} 7. Be2 {[%emt 0:01:37] [#]} Nfd7 $146 ({Predecessor:} 7... a4 8. bxa4 Rxa4 9. c4 Ra7 10. O-O c6 11. a4 Bf5 12. Ba3 Ne4 13. Nxe4 Bxe4 {1-0 (41) Manolache,M (2469)-Villar Perez,S (2188) Pontevedra 2022}) 8. c4 e6 {[%emt 0:07:57] White is slightly better.} 9. Qc2 Na6 10. a3 c5 11. dxc5 {[%emt 0:02:52] Strongly threatening Bxg7.} Naxc5 12. O-O Bxb2 13. Qxb2 Qf6 14. Qxf6 Nxf6 15. cxd5 Nxd5 {[%emt 0:06:56] Weighted Error Value: White=0.10 (very precise) /Black=0.11 (very precise)} 1/2-1/2

[Event "Austrian Championship 2022"]
[Site "Vienna"]
[Date "2022.08.13"]
[Round "2.13"]
[White "Balinov, Ilia"]
[Black "Wagner, Leopold Franziskus"]
[Result "1-0"]
[ECO "A26"]
[WhiteElo "2419"]
[BlackElo "2080"]
[Annotator "TA"]
[PlyCount "95"]
[EventDate "2022.08.12"]
[EventType "swiss"]
[EventCountry "AUT"]
[SourceTitle "playchess.com"]
[Source "ChessBase"]
[SourceQuality "1"]
[TimeControl "40/5400+30:1800+30"]

1. c4 e5 2. g3 g6 3. Bg2 Bg7 4. Nc3 Ne7 5. Nf3 Nbc6 6. O-O O-O 7. d3 d6 8. Rb1 f5 9. Bd2 Nd4 {[%emt 0:08:29] A26: English Opening vs King's Indian with ...Nc6 and d3.} (9... a5 $11) 10. Nxd4 $14 exd4 11. Nd5 {[%emt 0:00:09] Bg5 is the strong threat.} c6 {[%emt 0:11:08] White is slightly better.} 12. Nf4 {[%emt 0:00:05] [#]} Qe8 $146 ({Predecessor:} 12... Kh8 13. b4 a6 14. e3 dxe3 15. Bxe3 b5 16. Re1 Bd7 17. Bd2 Ng8 18. Ne6 Bxe6 19. Rxe6 {1-0 (31) Gorkavij,V (2371)-Rjabzev,K (2212) Krasnodar 2011}) 13. e3 Qf7 (13... dxe3 $14 14. Bxe3 (14. fxe3 g5 $14) 14... Qf7) 14. Re1 ({Better is} 14. exd4 $16 {Black must now prevent d5.} Bxd4 15. h4) 14... Bd7 (14... dxe3 $14 15. Rxe3 Bd4) 15. Qb3 Rab8 16. exd4 (16. h4 $16) 16... Bxd4 (16... g5 $1 $14) 17. Be3 ({White should play} 17. Qa3 Nc8 18. h4) 17... Bxe3 $16 18. Rxe3 g5 {[%emt 0:02:37] [#]} 19. Rbe1 $1 {[%emt 0:00:12] White is more active.} gxf4 (19... Ng6 20. Nxg6) 20. Rxe7 Rfe8 21. Rxe8+ Rxe8 22. Rxe8+ Bxe8 23. gxf4 {[%emt 0:00:47][%mdl 4096] Endgame KQB-KQB} Qe7 24. Qd1 {[%emt 0:00:30] Against Qe1+} Bf7 25. b3 Qf6 26. d4 d5 27. cxd5 Bxd5 28. Bxd5+ cxd5 {[%emt 0:00:30] KQ-KQ} 29. Qe2 Qxd4 30. Qe6+ Kg7 31. Qxf5 Qd1+ 32. Kg2 d4 33. Qg5+ $1 Kf7 {[%emt 0:00:30] [#]} 34. Qd5+ (34. f5 $1 $16 ) 34... Kf6 35. Qd8+ Kf7 36. Qd7+ Kf6 $1 37. Qd6+ Kf7 $1 38. Qd5+ Kf6 $1 39. Qg5+ (39. Qe5+ $11 Kf7 40. Qd5+) 39... Kf7 $1 {[%emt 0:00:30] [#]} 40. f5 $1 {[%emt 0:00:30] Strongly threatening f6.} Qd3 41. Qh5+ Kf6 (41... Kg7 $16) 42. Qh6+ $18 (42. Qxh7 Qe4+ 43. Kg3 Qe5+ 44. Kh3 Qxf5+ 45. Qxf5+ Kxf5 $14) 42... Ke5 43. Qg7+ (43. Qxh7 Qe4+ 44. Kg3 Qf4+ 45. Kg2 Qe4+ 46. Kg3 Qf4+ 47. Kg2 Qe4+ $11) 43... Kf4 44. Qxb7 Qe2 45. Qc7+ (45. Qxa7 Qe4+ 46. f3 Qxf3+ 47. Kg1 Qd1+ 48. Kg2 Qf3+ 49. Kg1 Qd1+ 50. Kg2 Qf3+ $11) (45. Qxh7 Qg4+ 46. Kf1 Qd1+ 47. Kg2 Qg4+ 48. Kf1 Qd1+ 49. Kg2 Qg4+ $11) 45... Kxf5 46. Qd7+ ({Worse is} 46. Qxa7 Qg4+ 47. Kh1 Qf3+ 48. Kg1 Qg4+ 49. Kh1 (49. Kf1 Qd1+ 50. Kg2 Qg4+ 51. Kh1 Qf3+ 52. Kg1 Qg4+ 53. Kh1 $11) 49... Qf3+ 50. Kg1 Qg4+ 51. Kh1 $11 (51. Kf1 Qd1+ 52. Kg2 Qg4+ 53. Kh1 $11)) (46. Qf7+ $18 {has better winning chances.} Kg5 47. Qg7+ (47. Qxa7 Qg4+ 48. Kh1 Qf3+ 49. Kg1 Qg4+ 50. Kf1 Qd1+ 51. Kg2 Qg4+ 52. Kh1 Qf3+ 53. Kg1 Qg4+ 54. Kh1 $11) 47... Kf4 48. Qxd4+ (48. Qf6+ Kg4 $18) 48... Kf5 49. a4 (49. Qxa7 Qg4+ 50. Kh1 Qf3+ 51. Kg1 Qg4+ 52. Kf1 Qd1+ 53. Kg2 Qg4+ 54. Kh1 Qf3+ 55. Kg1 Qg4+ 56. Kf1 Qd1+ 57. Kg2 Qg4+ $11)) 46... Ke4 $2 (46... Kg6 $16) 47. Qe6+ Kd3 48. Qc4+ {[%emt 0:00:30] Weighted Error Value: White=0.20 (precise) /Black=0.20 (precise)} 1-0

[Event "Austrian Championship 2022"]
[Site "Vienna"]
[Date "2022.08.13"]
[Round "2.14"]
[White "Schreiner, Peter"]
[Black "Mayrhuber, Tobias"]
[Result "1-0"]
[ECO "E05"]
[WhiteElo "2416"]
[BlackElo "2010"]
[Annotator "TA"]
[PlyCount "69"]
[EventDate "2022.08.12"]
[EventType "swiss"]
[EventCountry "AUT"]
[SourceTitle "playchess.com"]
[Source "ChessBase"]
[SourceQuality "1"]
[TimeControl "40/5400+30:1800+30"]

1. Nf3 d5 2. g3 Nf6 3. Bg2 e6 4. O-O Be7 5. c4 O-O 6. d4 dxc4 7. Ne5 Nc6 8. Nxc6 bxc6 9. Na3 Bxa3 10. bxa3 Nd5 11. Qa4 {[%emt 0:06:20][%csl LRc4,LRc6][%mdl 1024] White has compensation.} Nc3 {[%emt 0:13:39] E05: Open Catalan: 5 Nf3 Be7.} 12. Qc2 Nb5 (12... Qxd4 $2 13. Bb2 $18) 13. e3 (13. Bxc6 Nxd4 14. Qxc4 Nxc6 15. Qxc6 Qd5 $11) (13. Qxc4 Qxd4 14. Qxc6 Bd7 15. Qxa8 Qxa1 $11) 13... Nd6 $1 {[%emt 0:04:38] White is slightly better.} 14. a4 {[%emt 0:03:00] [#]} Ba6 $146 ({Predecessor:} 14... Rb8 15. Ba3 Qg5 16. Bc5 Rb6 17. Bxb6 cxb6 18. Bxc6 Ba6 19. Rfc1 Rc8 20. Bg2 h5 {1-0 (51) Erigaisi,A (2544)-Raja,H (2447) El Prat de Llobregat 2019}) 15. Qc3 {[%emt 0:09:37] Black is on the road to losing.} Rb8 16. Ba3 f5 17. Bc5 Bb7 18. Rab1 Rf7 19. Qa5 {[%emt 0:04:54] White is more active.} a6 20. Rb4 Qc8 21. Rfb1 Ra8 22. f3 c3 23. R4b3 c2 24. Rc1 Qd8 25. Rxc2 Qg5 $2 {[%emt 0:00:30] [#]} (25... Qe8 {was necessary.} 26. Bf1 Rd8) 26. Qc3 (26. Rcb2 $142) 26... Rd8 $18 27. Rc1 h5 28. Qe1 h4 (28... Qf6 $142 29. f4 g5) 29. gxh4 Qh5 30. Qg3 f4 31. Qg5 ({Don't take} 31. exf4 $6 Qd5 32. Qg5 Rdf8 33. Qxd5 exd5 $18) 31... Qxg5 32. hxg5 fxe3 33. g6 ({Resist} 33. Rxe3 $6 Bc8 34. Rb3 Bd7 $18) 33... Rfd7 34. Bh3 Re7 {[%emt 0:01:50] [#]} (34... Re8 35. Rxe3 Rde7) 35. Rxb7 {[%emt 0:00:53] Weighted Error Value: White=0.16 (very precise) /Black=0.38} 1-0

[Event "Austrian Championship 2022"]
[Site "Vienna"]
[Date "2022.08.13"]
[Round "2.15"]
[White "Ivanyk, Igor"]
[Black "Schernthaner, David"]
[Result "0-1"]
[ECO "B92"]
[WhiteElo "2002"]
[BlackElo "2319"]
[Annotator "TA"]
[PlyCount "68"]
[EventDate "2022.08.12"]
[EventType "swiss"]
[EventCountry "AUT"]
[SourceTitle "playchess.com"]
[Source "ChessBase"]
[SourceQuality "1"]
[TimeControl "40/5400+30:1800+30"]

1. e4 c5 2. Nf3 d6 3. d4 cxd4 4. Nxd4 Nf6 5. Nc3 a6 6. Be2 e5 7. Nb3 Be7 8. Be3 Be6 9. O-O O-O 10. Qd2 Nbd7 11. a4 Nb6 12. a5 {[%emt 0:07:41] B92: Sicilian Najdorf: 6 Be2.} Nc4 13. Bxc4 Bxc4 14. Rfd1 {[%emt 0:00:51] The position is equal.} Rc8 15. f3 Qe8 {[%emt 0:16:34] [#]} 16. Na4 $146 ({Predecessor:} 16. Bg5 h6 17. Bxf6 Bxf6 18. Qxd6 Rc6 19. Qd2 Qc8 20. Nc1 Bg5 21. Qe1 Rd8 22. Nd3 {½-½ (31) Wilhelmi,D (2432)-Schuster,P (2451) GER email 2016}) 16... Nd7 (16... d5 $15 {is more appropriate.}) 17. Nc1 $11 f5 18. exf5 Rxf5 19. b3 Be6 20. c4 $1 Qg6 21. Kh1 Rcf8 (21... e4 $5 22. fxe4 Rf7 $11) 22. Ne2 Rh5 (22... e4 $11) 23. Qd3 (23. Nac3 $14) 23... Qf7 (23... Qxd3 $11 24. Rxd3 e4 25. fxe4 Rxa5) 24. Ng3 $16 Rh4 25. Nc3 {[%emt 0:00:55] Inhibits e4.} Nf6 26. Nf5 (26. Ra2 $16) 26... Bxf5 $15 27. Qxf5 e4 $1 28. Nxe4 {[%emt 0:05:04] [#] Threatens to win with Ng5.} g6 29. Nxf6+ Bxf6 30. Qd3 Bxa1 31. Rxa1 Qe6 {[%emt 0:01:31] [#] Hoping for ...Qe5.} 32. Bf2 $2 (32. Bd4 $11 {and White has nothing to worry.}) 32... Qe5 $1 $19 {[%emt 0:01:49][%csl Gh4,LRa1,LRh2][%cal Re5h2] Black has a decisive advantage.} 33. Qd5+ Qxd5 34. cxd5 Rb4 {[%emt 0:00:17] Weighted Error Value: White=0.45/Black=0.19 (very precise)} 0-1

[Event "Austrian Championship 2022"]
[Site "Vienna"]
[Date "2022.08.13"]
[Round "2.16"]
[White "Stadlinger, Lea"]
[Black "Lerch, Johannes"]
[Result "1/2-1/2"]
[ECO "D00"]
[WhiteElo "1723"]
[BlackElo "2222"]
[Annotator "TA"]
[PlyCount "108"]
[EventDate "2022.08.12"]
[EventType "swiss"]
[EventCountry "AUT"]
[SourceTitle "playchess.com"]
[Source "ChessBase"]
[SourceQuality "1"]
[TimeControl "40/5400+30:1800+30"]

1. d4 Nf6 2. Nc3 d5 3. Bf4 e6 4. e3 Be7 5. Nf3 O-O 6. Bd3 {[%emt 0:01:34] D00: 1 d4 d5: Unusual lines.} c5 7. Nb5 (7. dxc5 $11 {remains equal.} Nc6 8. O-O) 7... Na6 {[%emt 0:06:06] [#]} (7... c4 $17 {And now ...Qa5+ would win.} 8. Bxh7+ Nxh7) 8. O-O $146 ({Predecessor:} 8. Nc3 Nb4 9. Be2 b6 10. Ne5 Bb7 11. O-O Nc6 12. Bf3 Nd7 13. Nxc6 Bxc6 14. e4 dxe4 15. Bxe4 Bxe4 16. Nxe4 cxd4 17. Qxd4 {0-1 (47) Damjanovic,V (2393)-Quintiliano Pinto,R (2469) Chess.com INT 2021}) 8... Bd7 {[%emt 0:04:47] [#] Hoping for ...c4.} (8... c4 $5 9. Be2 Nh5 $11) 9. a4 Nb4 10. Nc3 Rc8 11. dxc5 Bxc5 12. Ne5 Qe7 13. e4 Nxd3 (13... Bc6 $5) 14. Qxd3 Rfd8 15. Nxd7 Rxd7 16. e5 {[%emt 0:01:36] [#] Threatens to win with Bg5.} Ne8 17. Ne2 Qd8 18. c3 a6 19. Be3 Bf8 20. a5 Qh4 21. Qd4 Qxd4 22. Bxd4 ({Much weaker is} 22. cxd4 Rdc7 $15) 22... f6 23. f4 f5 24. Bb6 h6 25. h4 g6 26. Nd4 Kf7 27. g3 {[%emt 0:00:30] White is more active.} Nc7 28. Nf3 Nb5 29. Nd4 Bc5 30. Bxc5 Rxc5 31. Rfd1 (31. Nb3 $5 Rc8 32. Ra4 $11) 31... Rdc7 32. Kf2 (32. Nb3 $5 ) 32... Nxd4 33. Rxd4 {[%emt 0:00:30][%mdl 4096] Endgame KRR-KRR} Rb5 34. Ra2 Rcc5 35. Rda4 g5 36. hxg5 hxg5 37. Kf3 gxf4 38. gxf4 Rc8 39. R4a3 Rc4 40. Ke3 ({Reject} 40. b4 d4 41. cxd4 Rxd4 $15) 40... Re4+ 41. Kf3 d4 42. c4 {[%emt 0:00:30] Prevents Rd5.} (42. Ra4 $11) 42... Rb4 $15 43. b3 Re3+ 44. Kf2 Rbxb3 45. Rxb3 Rxb3 {[%emt 0:00:30] KR-KR} 46. Rd2 d3 (46... Kg6 $1 $15 47. Rxd4 Kh5) 47. Ke3 $11 {[%emt 0:00:30] The position is equal.} Ke7 48. Rxd3 Rxd3+ 49. Kxd3 {[%emt 0:00:30] KP-KP} Kd7 50. c5 Kc7 (50... Kc6 $5 51. Kc4 Kd7 $11) 51. Kc3 Kc6 52. Kc4 Kc7 {[%emt 0:00:30] ( -> ...Kc6)} 53. Kc3 Kd7 (53... Kc6 $5 54. Kc4 Kd7 $11) 54. Kd3 Kc6 {[%emt 0:00:30] Weighted Error Value: White=0.15 (very precise) /Black=0.12 (very precise)} 1/2-1/2

[Event "Austrian Championship 2022"]
[Site "Vienna"]
[Date "2022.08.14"]
[Round "3.1"]
[White "Blohberger, Felix"]
[Black "Menezes, Christoph"]
[Result "1/2-1/2"]
[ECO "E32"]
[WhiteElo "2492"]
[BlackElo "2417"]
[Annotator "TA"]
[PlyCount "60"]
[EventDate "2022.08.12"]
[EventType "swiss"]
[EventCountry "AUT"]
[SourceTitle "playchess.com"]
[Source "ChessBase"]
[SourceQuality "1"]
[TimeControl "40/5400+30:1800+30"]

1. d4 Nf6 2. c4 e6 3. Nc3 Bb4 4. Qc2 O-O 5. e4 d5 6. e5 Ne4 7. Bd3 c5 8. Nf3 {[%emt 0:00:05] E32: Nimzo-Indian: Classical (4 Qc2): 4...0-0.} cxd4 9. Nxd4 Nd7 10. Bf4 Qh4 11. g3 Qh5 12. O-O Bxc3 13. bxc3 g5 (13... Nxe5 14. Be2 Ng4 15. Bxg4 Qxg4 16. f3 $16) 14. cxd5 exd5 15. Be3 {[%emt 0:00:10] Strongly threatening f3.} Nxe5 16. f3 {[%emt 0:00:08] Against Bg4} ({But not} 16. Bxe4 dxe4 17. Qxe4 Re8 $15) 16... Nc5 17. Bf5 Ne6 $1 {[%emt 0:00:22][%mdl 4] is now more promising than 17...f6.} 18. Rae1 {[%emt 0:00:27] [#]} Nc4 $146 ({Predecessor:} 18... Nxd4 19. Bxd4 Nc6 20. Bf6 Qh6 21. Bxc8 Raxc8 22. Qf5 Qg6 23. Qxg5 Qxg5 24. Bxg5 f6 {½-½ (66) Vidit,S (2723)-Ding,L (2806) chess24.com INT 2022}) 19. Bc1 {[%emt 0:11:04][%cal Rd4e6] This bishop pair is nice.} Bd7 (19... Nxd4 $11 {keeps the balance.} 20. cxd4 Nd6) 20. h4 (20. Nxe6 $16 fxe6 21. Rxe6) 20... Nxd4 $11 {[%emt 0:09:54] The position is equal.} (20... gxh4 $2 21. g4 Nxd4 22. Qd1 Nxf5 23. gxh5 $18) 21. cxd4 Bxf5 22. Qxf5 Qg6 23. Qxd5 gxh4 24. g4 Nb6 25. Qxb7 Qd6 26. Qe7 {[%emt 0:07:57] Inhibits Rae8. Active counter play!} Qg3+ ({Don't do} 26... Qxd4+ 27. Kg2 Qd8 28. Bg5 Qxe7 29. Bxe7 $14) 27. Kh1 {[%emt 0:01:16] [#] Qg5+ is the strong threat. Really sharp!} Qh3+ 28. Kg1 Qg3+ 29. Kh1 {[%emt 0:00:09] Hoping for Qg5+.} Qh3+ 30. Kg1 Qg3+ {[%emt 0:00:05] Weighted Error Value: White=0.09 (flawless) /Black=0.08 (flawless)} 1/2-1/2

[Event "Austrian Championship 2022"]
[Site "Vienna"]
[Date "2022.08.14"]
[Round "3.1"]
[White "Kersten, Julian"]
[Black "Jethan, Martin"]
[Result "1-0"]
[ECO "B12"]
[WhiteElo "1999"]
[BlackElo "2103"]
[Annotator "NA RC"]
[PlyCount "51"]
[EventDate "2022.08.12"]
[EventType "swiss"]
[EventCountry "AUT"]
[SourceTitle "playchess.com"]
[Source "ChessBase"]
[SourceQuality "1"]
[TimeControl "40/5400+30:1800+30"]

1. e4 c6 2. d4 d5 3. e5 Bf5 4. h4 h5 5. Bd3 Bxd3 6. Qxd3 e6 7. Bg5 Qb6 8. Nd2 Ne7 9. Ngf3 Nf5 10. O-O c5 11. c4 Qa6 12. Qc2 Qc6 13. cxd5 Qxd5 14. dxc5 Qxc5 15. Qe4 Nc6 16. Rac1 Qd5 17. Qa4 Be7 18. Bxe7 Nfxe7 19. Rfd1 Qa5 20. Qf4 Ng6 21. Qg3 Ncxe5 22. Nxe5 Qxe5 23. Qa3 Rd8 24. Nc4 Rxd1+ 25. Rxd1 Qe2 26. Qd6 1-0

[Event "Austrian Championship 2022"]
[Site "Vienna"]
[Date "2022.08.14"]
[Round "3.2"]
[White "Sadilek, Peter"]
[Black "Horvath, Dominik"]
[Result "1/2-1/2"]
[ECO "B50"]
[WhiteElo "2330"]
[BlackElo "2488"]
[Annotator "TA"]
[PlyCount "69"]
[EventDate "2022.08.12"]
[EventType "swiss"]
[EventCountry "AUT"]
[SourceTitle "playchess.com"]
[Source "ChessBase"]
[SourceQuality "1"]
[TimeControl "40/5400+30:1800+30"]

1. Nf3 d6 2. e4 Nf6 3. Nc3 c5 4. e5 dxe5 5. Nxe5 a6 6. a4 g6 {[%emt 0:06:31] B50: Sicilian: 2...d6, Miscellaneous.} 7. Bc4 e6 $1 {[%emt 0:00:04] [#]} 8. Qf3 $146 ({Predecessor:} 8. d3 Bg7 9. O-O O-O 10. Qf3 Nfd7 11. Nxd7 Nxd7 12. Bf4 Ne5 13. Qe3 Nxc4 14. dxc4 {0-1 (59) Kalashian,D (2398)-Bok,B (2624) Chess.com INT 2021}) 8... Nbd7 9. Nxd7 Nxd7 10. Qg3 {[%emt 0:07:04] Against Ne5} Bg7 11. d3 O-O 12. O-O Ne5 13. Be3 (13. Bg5 $5 Qa5 14. Ne4 $14) 13... b6 14. Bf4 Nxc4 15. dxc4 Qd4 {[%emt 0:00:00] [#]} (15... Qf6 $14) 16. Bd6 $1 $16 {[%emt 0:10:45] White is more active.} Re8 {[%emt 0:00:00] [#]} 17. Rad1 ({White should play} 17. a5 $1 $16) 17... Qxc4 $11 18. Be5 Bxe5 19. Qxe5 Bb7 {[%emt 0:00:00] Against Ne4} 20. h3 Qh4 21. Rd7 $36 {[%emt 0:00:10][%mdl 2048] White is pushing.} Bc6 22. Rc7 Rac8 23. Rd1 $1 {[%emt 0:01:45] Inhibits Qd4.} Red8 24. Rxc8 {[%emt 0:02:05] Dancing on a razor blade.} Rxc8 25. Rd6 $1 Qh5 ({Don't take} 25... Bxa4 26. Ne4 $16) 26. Qf6 {[%emt 0:01:31][%cal Od6e6] Hoping for Rxe6!} b5 {[%emt 0:00:00] [#]} (26... Qh6 $11 {keeps the balance.}) 27. Rxe6 $1 b4 (27... fxe6 $2 28. Qxe6+ Kg7 29. Qxc8 $18) 28. Rxc6 (28. Re5 {seems wilder.} Qh6 29. Ne2 Qf8 30. Nf4) 28... Rxc6 {[%emt 0:00:04] The position is equal.} 29. Qxc6 bxc3 30. bxc3 {[%emt 0:00:29] KQ-KQ} Qd1+ 31. Kh2 Qxc2 32. Qe8+ Kg7 33. Qe5+ Kg8 34. Qe8+ Kg7 35. Qe5+ {[%emt 0:00:03] Weighted Error Value: White=0.12 (very precise) /Black=0.16 (very precise)} 1/2-1/2

[Event "Austrian Championship 2022"]
[Site "Vienna"]
[Date "2022.08.14"]
[Round "3.2"]
[White "Mayrhuber, Nikola"]
[Black "Weichhart, Daniel"]
[Result "1-0"]
[ECO "D78"]
[WhiteElo "2141"]
[BlackElo "1965"]
[Annotator "NA RC"]
[PlyCount "65"]
[EventDate "2022.08.12"]
[EventType "swiss"]
[EventCountry "AUT"]
[SourceTitle "playchess.com"]
[Source "ChessBase"]
[SourceQuality "1"]
[TimeControl "40/5400+30:1800+30"]

1. d4 d5 2. c4 c6 3. Nf3 Nf6 4. Nc3 dxc4 5. g3 g6 $11 6. Bg2 Bg7 7. O-O O-O 8. e4 b5 9. Qe2 a5 10. Rd1 Nbd7 11. d5 cxd5 12. e5 b4 13. exf6 Nxf6 14. Nb5 Ba6 15. a4 Re8 16. Ne5 Bxb5 17. axb5 Qb6 18. Rxd5 Nxd5 19. Bxd5 e6 20. Bc6 c3 21. bxc3 Qc7 22. Ng4 Bxc3 23. Bb2 Red8 24. Bxc3 bxc3 25. Qc4 Rac8 26. Qxc3 Qd6 27. Nf6+ Kh8 28. Rxa5 e5 29. Qf3 Qd2 30. Ra7 Kg7 31. Rxf7+ Kh6 32. Rxh7+ Kg5 33. h4# 1-0